 Dungeon Crawl Stone Soup version 0.17-a0-1262-gd250d98 (webtiles) character file.

244 Fluffy the Stinger (level 6, -1/36 HPs)
             Began as an Octopode Venom Mage on June 6, 2015.
             Slain by an orc
             ... wielding a +0 club
              (8 damage)
             ... on level 4 of the Dungeon.
             The game lasted 00:20:22 (3476 turns).

Fluffy the Stinger (Octopode Venom Mage)            Turns: 3476, Time: 00:20:24

Health: -1/36      AC:  1    Str:  7    XL:     6   Next: 10%
Magic:  9/11       EV: 12    Int: 19    God:
Gold:   203        SH:  0    Dex: 13    Spells: 2 memorised, 8 levels left

rFire  . . .     SeeInvis .     r - staff of wizardry
rCold  . . .     Clarity  .     (no shield)
rNeg   + . .     SustAt   .     (helmet restricted)
rPois  .         Gourm    .     (no amulet)
rElec  .         Spirit   .     j - ring of positive energy
rCorr  .         Warding  .     y - ring of wizardry
rMut   .         Stasis   .     (no ring)
MR     .....                    (no ring)
Stlth  +++.......               (no ring)
                                (no ring)
                                (no ring)
                                (no ring)

@: not resistant to hostile enchantments, fairly stealthy
A: almost no armour, amphibious, 8 rings, constrict 8, camouflage 1, gelatinous
body 1
a: no special abilities


You were on level 4 of the Dungeon.
You were hungry.

You visited 1 branch of the dungeon, and saw 4 of its levels.

You collected 203 gold pieces.

Inventory:

Magical staves
 r - an uncursed staff of wizardry (weapon)
Jewellery
 j - a ring of positive energy (left tentacle)
 y - a ring of wizardry (right tentacle)
Magical devices
 f - a wand of flame (48)
Scrolls
 c - 5 scrolls of identify
 e - 3 scrolls of amnesia
 h - a scroll of enchant weapon
 p - a scroll of remove curse
 s - a scroll of immolation {unknown}
 v - a scroll of enchant armour {unknown}
Potions
 d - a potion of resistance
 i - 4 potions of curing {unknown}
 n - 2 potions of might {unknown}
 o - 3 potions of lignification {unknown}
 u - a potion of agility {unknown}
 w - a potion of poison {unknown}
 x - a potion of magic {unknown}
Books
 a - a Young Poisoner's Handbook

   Spells                             Type                      Level
   a - Sting                          Conjuration/Poison           1
   b - Cure Poison                    Poison                       2
   c - Mephitic Cloud                 Conjuration/Poison/Air       3
   d - Olgreb's Toxic Radiance        Poison                       4
   e - Venom Bolt                     Conjuration/Poison           5
 q - Jessica's Almanac of the Compass
   (You found it on level 2 of the Dungeon)

   Spells                             Type                      Level
   a - Blink                          Translocation                2
Comestibles
 b - 3 bread rations
 g - 2 beef jerkies
 t - a meat ration


   Skills:
 - Level 2.0 Dodging
 - Level 2.6 Stealth
 + Level 3.6 Spellcasting
 + Level 3.0 Conjurations
 + Level 1.4 Air Magic
 + Level 6.0 Poison Magic


You had 8 spell levels left.
You knew the following spells:

 Your Spells              Type           Power        Failure   Level  Hunger
a - Sting                 Conj/Pois      ###.         1%          1    None
b - Mephitic Cloud        Conj/Pois/Air  ###.....     3%          3    ###....


Dungeon Overview and Level Annotations

Branches:
Dungeon (4/15)
 Temple: D:4-7

Altars:
Makhleb

Annotations:
D:3 Archidemonde's ghost, weakling HOBe
D:4 Yermak's ghost, experienced FoNe


Innate Abilities, Weirdness & Mutations

You cannot wear most types of armour.
You are amphibious.
You can wear up to eight rings at the same time.
You can use your tentacles to constrict eight enemies at once.
Your skin changes colour to match your surroundings (Stealth).
Your rubbery body absorbs attacks (AC +1).


Message History

The orc wizard points at you and mumbles some strange words.
The puff of frost hits you! The orc wizard closely misses you.
You hit the orc wizard. You grab the orc wizard.
The orc wizard is moderately wounded.
You constrict the orc wizard, but do no damage.
The orc wizard struggles to escape constriction.
The orc wizard misses you.
You hit the orc wizard.
The orc wizard is heavily wounded.
You constrict the orc wizard. The orc wizard casts a spell at you.
The puff of flame hits you!
* * * LOW HITPOINT WARNING * * *
You hit the orc wizard.
You squeeze the orc wizard, but do no damage.
The orc wizard is severely wounded.
You constrict the orc wizard. The orc wizard hits you with a dagger.
* * * LOW HITPOINT WARNING * * *
The orc hits you with a club!
You die...

#...o...#
#.......#
#.......####
#..........#
#..l.......#
#..o.......#
#...########
#.oo###
#..o@.#
#.....#
#.....#
#.....#
#.....#
#.....#
#.....#
#.....#
#.....#


You could see an orc wizard, 3 orcs and a giant gecko (wandering).

Vanquished Creatures
  A crimson imp (D:3)
  Ijyb (D:2)
  Jessica (D:2)
  Robin (D:3)
  4 adders
  An ooze (D:4)
  3 giant geckos
  7 orcs
  3 ball pythons
  10 bats
  3 giant cockroaches
  20 goblins
  11 hobgoblins
  7 jackals
  A quokka (D:2)
  A giant gecko skeleton (D:4)
  2 giant newts (D:2)
  6 kobolds
  5 rats
  A fungus (D:2)
89 creatures vanquished.

Notes
Turn   | Place    | Note
--------------------------------------------------------------
     0 | D:1      | Fluffy the Octopode Venom Mage began the quest for the Orb.
     0 | D:1      | Reached XP level 1. HP: 11/11 MP: 3/3
   391 | D:1      | Reached XP level 2. HP: 17/17 MP: 3/5
   563 | D:1      | Reached skill level 5 in Poison Magic
   635 | D:1      | Reached skill level 1 in Conjurations
   858 | D:1      | Reached XP level 3. HP: 17/21 MP: 4/6
  1506 | D:2      | Reached XP level 4. HP: 27/27 MP: 4/8
  1550 | D:2      | Noticed Jessica
  1556 | D:2      | Killed Jessica
  1566 | D:2      | Identified Jessica's Almanac of the Compass
  1595 | D:2      | Learned a level 3 spell: Mephitic Cloud
  1701 | D:2      | Noticed Ijyb
  1843 | D:2      | Killed Ijyb
  1843 | D:2      | Reached XP level 5. HP: 19/31 MP: 2/9
  2128 | D:3      | Noticed Archidemonde's ghost (weakling HOBe)
  2414 | D:3      | Noticed Robin
  2447 | D:3      | Killed Robin
  2553 | D:3      | Reached skill level 1 in Air Magic
  3023 | D:3      | Found a burning altar of Makhleb.
  3045 | D:3      | Reached skill level 6 in Poison Magic
  3045 | D:3      | Reached XP level 6. HP: 27/36 MP: 4/11
  3279 | D:4      | Noticed Yermak's ghost (experienced FoNe)
  3476 | D:4      | Slain by an orc

Vault maps used:
D:1:      grunt_arrival_crossed_arrows, minmay_misc_feat_tower, st_stairs_9
D:2:      minmay_gold_behind_fungi, kennysheep_jessica_study, uniq_iyjb
D:3:      makhleb_grotto_becter, uniq_robin
D:4:      lemuel_doored_altar, kb_xom_exploding_sheep, serial_shops, shop,
          uniq_grinder

Action                   |  1- 3 |  4- 6 || total
-------------------------+-------+-------++-------
Melee: Dagger            |    48 |     4 ||    52
       Staff             |       |    65 ||    65
 Cast: Sting             |    60 |    72 ||   132
       Mephitic Cloud    |       |     5 ||     5
Evoke: Wand              |       |     1 ||     1
  Use: Scroll            |       |     7 ||     7
 Stab: Confused          |       |     1 ||     1
       Sleeping          |       |     1 ||     1
  Eat: Chunk             |     2 |     6 ||     8
